 Dungeon Crawl Stone Soup version 0.26-a0-739-gf55cbd344a (webtiles) character file.

Game seed: 3908574702779596879

804 marklar909 the Ruffian (level 7, -4/59 HPs)
             Began as a Black Draconian Transmuter on Nov 6, 2020.
             Killed themself with a bounced orb of electricity (9 damage)
             ... on level 5 of the Dungeon.
             The game lasted 00:08:00 (6303 turns).

marklar909 the Ruffian (Black Draconian Transmuter) Turns: 6303, Time: 00:08:02

Health: -4/59      AC:  9    Str: 14    XL:     7   Next: 60%
Magic:  12/12      EV: 13    Int: 13    God:
Gold:   97         SH:  0    Dex: 12    Spells: 7/13 levels left

rFire    . . .     SeeInvis .     - Unarmed
rCold    . . .     Faith    .   (no shield)
rNeg     . . .     Spirit   .   (armour unavailable)
rPois    .         Reflect  .   (helmet restricted)
rElec    +         Harm     .   (no cloak)
rCorr    .         Rampage  .   (no gloves)
MR       .....                  n - +2 pair of boots
Stlth    ++........             (no amulet)
HPRegen  0.19/turn              (no ring)
MPRegen  0.13/turn              (no ring)

@: no status effects
A: breathe lightning, unfitting armour, electricity resistance, cold-blooded, AC
+6
a: Breathe Lightning


You were on level 5 of the Dungeon.
You visited 1 branch of the dungeon, and saw 5 of its levels.

You collected 97 gold pieces.

Inventory:

Missiles
 b - 5 curare-tipped darts (quivered)
Armour
 n - a +2 pair of boots (worn)
Jewellery
 a - an uncursed ring of resist corrosion {unknown}
Wands
 i - a wand of enslavement (9)
 q - a wand of acid (9)
Scrolls
 c - 3 scrolls of enchant armour {unknown}
 f - 6 scrolls of identify
 j - a scroll of fear {unknown}
 k - 2 scrolls of remove curse {unknown}
 l - a scroll of amnesia {unknown}
 m - 2 scrolls of enchant weapon {unknown}
 o - a scroll of noise {unknown}
 p - a scroll of magic mapping
Potions
 d - a potion of lignification {unknown}
 e - a potion of heal wounds
 g - 4 potions of curing {unknown}
 h - a potion of attraction {unknown}


   Skills:
 * Level 4.0 Fighting
 * Level 3.6 Dodging
 + Level 1.3 Stealth
 + Level 5.1 Unarmed Combat
 + Level 3.6 Spellcasting
 + Level 3.7 Transmutations
 + Level 1.5 Poison Magic


You had 7 spell levels left.
You knew the following spells:

 Your Spells              Type           Power        Failure   Level
a - Beastly Appendage     Tmut           ##....       4%          1
b - Wereblood             Tmut           ##......     7%          2
c - Spider Form           Tmut/Pois      #.........   22%         3

Your spell library contained the following spells:

 Spells                   Type           Power        Failure   Level
 Ice Form                 Ice/Tmut       #.......     69%         4
 Blade Hands              Tmut           ##........   77%         5


Dungeon Overview and Level Annotations

Branches:
Dungeon (5/15)
 Temple: D:4-7

Altars:
Cheibriados
Nemelex Xobeh

Portals:
Ossuary: D:5


Innate Abilities, Weirdness & Mutations

You can breathe wild blasts of lightning.
Your glossy black scales are hard. (AC +6)
You cannot fit into any form of body armour.
You are resistant to electric shocks. (rElec)
You are cold-blooded and may be slowed by cold attacks.


Message History

You now have 97 gold pieces (gained 11).
You open the door.
A mummy comes into view.
Found a sand-covered staircase.
You are too injured to fight recklessly!
You are too injured to fight recklessly!
You are too injured to fight recklessly!
The mummy hits you!
* * * LOW HITPOINT WARNING * * *
There is an open door here.
You hit the mummy but do no damage. You barely miss the mummy.
The mummy closely misses you.
Unknown command.
You breathe a wild blast of lightning!
The zap misses you.
The orb of electricity explodes!
The orb of electricity engulfs you! You resist.
* * * LOW HITPOINT WARNING * * *
The orb of electricity explodes!
The orb of electricity engulfs you! You resist.
You die...

#################.#
#...@.M............
##..###'###.###+###
##..##∩##...##
######..###....[##
#.<...#..#.......#
#.....##..###'###.[#
#.....##...##.##.....
#.....##.#..###......
#.....##.....#.......


You could see a mummy.

Vanquished Creatures
  A sky beast (D:5)
  An ogre (D:4)
  A phantom (D:4)
  3 wights (D:5)
  2 howler monkeys (D:4)
  A centaur zombie (D:5)
  A jelly (D:5)
  A centaur skeleton (D:5)
  2 bullfrog skeletons (D:5)
  2 iguanas
  Terence (D:2)
  2 adders
  A white imp (D:5)
  An ufetubus (D:4)
  2 oozes
  A worm (D:2)
  3 dart slugs
  3 leopard geckos
  4 orcs (D:4)
  6 bats
  2 giant cockroaches
  9 goblins
  6 hobgoblins
  3 quokkas
  2 frilled lizards
  A goblin zombie (D:5)
  13 kobolds
  8 rats
83 creatures vanquished.

Notes
Turn   | Place    | Note
-------+----------+-------------------------------------------
     0 | D:1      | marklar909 the Draconian Transmuter began the quest for the
                  | Orb.
     0 | D:1      | Reached XP level 1. HP: 16/16 MP: 3/3
   284 | D:1      | Reached XP level 2. HP: 23/23 MP: 3/5
  1516 | D:2      | Reached XP level 3. HP: 21/28 MP: 4/6
  1733 | D:2      | Noticed Terence
  1742 | D:2      | Killed Terence
  1748 | D:2      | Learned a level 2 spell: Wereblood
  1752 | D:2      | Learned a level 3 spell: Spider Form
  1839 | D:2      | Found a snail-covered altar of Cheibriados.
  1848 | D:2      | Reached XP level 4. HP: 33/36 MP: 5/7
  2632 | D:2      | Found a sparkling altar of Nemelex Xobeh.
  4064 | D:4      | Noticed an ogre
  4074 | D:4      | Killed an ogre
  4074 | D:4      | Reached XP level 5. HP: 42/42 MP: 2/9
  4496 | D:4      | Reached skill level 4 in Unarmed Combat
  4496 | D:4      | Reached XP level 6. HP: 50/50 MP: 6/10
  5163 | D:4      | Reached skill level 1 in Poison Magic
  5554 | D:5      | Entered Level 5 of the Dungeon
  5566 | D:5      | Reached skill level 1 in Stealth
  5718 | D:5      | Your scales start taking on a glossy black colour.
  5718 | D:5      | Reached XP level 7. HP: 30/57 MP: 9/12
  5718 | D:5      | Gained mutation: You are resistant to electric shocks.
                  | (rElec) [Black Draconian growth]
  5799 | D:5      | Reached skill level 5 in Unarmed Combat
  6110 | D:5      | HP: 1/58 [acid (12)]
  6294 | D:5      | Found a sand-covered staircase.
  6303 | D:5      | Killed themself with a bounced orb of electricity

Illustrated notes

Levels and vault maps discovered:
D:1:      sevenhm_arrival_forest_fort_large_1, layout_basic
D:2:      layout_basic, nemelex_altar_shiori, cheibriados_altar_1, uniq_terence
D:3:      layout_rooms, serial_co_window_serial, co_window_corner_a,
          co_window_paths_a, co_window_corner_a, co_window_paths_b,
          co_window_paths_a, co_window_paths_c, co_window_unsneaky_path_d,
          co_window_unsneaky_path_d, co_window_paths_c,
          co_window_unsneaky_path_a, co_window_unsneaky_path_c,
          co_window_paths_d, glass_columns_c, glass_columns_a, glass_columns_b
D:4:      layout_basic, serial_bayou_pond_a
D:5:      layout_rooms, gammafunk_temple_overflow_forgotten,
          portal_sewer_entry_c, nicolae_ossuary_entry_giza, serial_shops,
          nicolae_shop_crystal, kennysheep_little_box, minmay_door_square,
          uniq_eustachio, uniq_blork_the_orc

Skill      XL: |  1  2  3  4  5  6  7 |
---------------+----------------------+-----
Dodging        | 2 3 |  3.6
Fighting       | 2 3 4 |  4.0
Spellcasting   | 3 |  3.6
Transmutations | 3 |  3.7
Unarmed Combat | 4 5 |  5.1
Poison Magic   | 1 |  1.5
Stealth        | 1 |  1.3

Action                   |  1- 3 |  4- 6 |  7- 9 || total
-------------------------+-------+-------+-------++-------
Melee: Unarmed           |    80 |   184 |    49 ||   313
       Kick              |    13 |    12 |       ||    25
       Tailslap          |     8 |     7 |       ||    15
       Headbutt          |     7 |     3 |       ||    10
       Punch             |     1 |     1 |       ||     2
 Cast: Beastly Appendage |    21 |    12 |       ||    33
       Spider Form       |       |    21 |     6 ||    27
       Wereblood         |       |     4 |     1 ||     5
  Use: Scroll            |     2 |       |       ||     2
       Potion            |       |       |     1 ||     1
 Stab: Sleeping          |       |     2 |       ||     2
Armor: Skin              |    19 |    21 |     6 ||    46
Dodge: Dodged            |    51 |   122 |    57 ||   230

Table legend: (Time is in decaauts)
 A = Elapsed time spent in this place.
 B = Non-inter-level travel time spent in this place.
 C = Inter-level travel time spent in this place.
 D = Time resting spent in this place.
 E = Time spent auto-exploring this place.
 F = Levels seen in this place.
 G = Mean time per level.
                   A        B        C        D        E       F      G
               +--------+--------+--------+--------+--------+-----+--------+
         Total |   6289 |   6121 |    168 |   1140 |   3854 |   5 | 1257.8 |
       Dungeon |   6289 |   6121 |    168 |   1140 |   3854 |   5 | 1257.8 |
               +--------+--------+--------+--------+--------+-----+--------+

Top non-repeatable levels by time:
     D:1: 1666 daAuts
     D:3: 1469 daAuts
     D:4: 1371 daAuts
     D:2: 1367 daAuts
     D:5: 414 daAuts
